 Dungeon Crawl Stone Soup version 0.18.1-50-g88ac8fd (webtiles) character file.

125 Flanowski the Digger (level 5, -5/28 HPs)
             Began as a Gargoyle Earth Elementalist on Sept 22, 2016.
             Killed by nerve-wracking pain
             ... invoked by Jessica
              (9 damage)
             ... on level 3 of the Dungeon.
             The game lasted 00:06:41 (2755 turns).

Flanowski the Digger (Gargoyle Earth Elementalist)  Turns: 2755, Time: 00:06:41

Health: -5/28      AC:  6    Str: 17    XL:     5   Next: 9%
Magic:  6/9        EV: 12    Int: 16    God:
Gold:   135        SH:  0    Dex: 10    Spells: 3 memorised, 1 level left

rFire  . . .     SeeInvis .     l - +0 club
rCold  . . .     Gourm    .     a - +0 robe
rNeg   + . .     Faith    .     (no shield)
rPois  ∞         Spirit   .     (no helmet)
rElec  +         Dismiss  +     (no cloak)
rCorr  .         Reflect  .     (no gloves)
SustAt +         Harm     .     (no boots)
MR     .....                    j - amulet of dismissal
Stlth  ++........               g - +5 ring of strength
                                p - ring of sustain attributes

@: not resistant to hostile enchantments, unstealthy
A: negative energy resistance 1, electricity resistance, unbreathing,
petrification resistance, rot immunity, AC +4
a: no special abilities


You were on level 3 of the Dungeon.
You were hungry.

You visited 1 branch of the dungeon, and saw 3 of its levels.

You collected 135 gold pieces.

Inventory:

Hand Weapons
 l - a +0 club (weapon)
Missiles
 b - 133 stones (quivered)
Armour
 a - a +0 robe (worn)
Jewellery
 g - a +5 ring of strength (right hand)
 j - an amulet of dismissal (around neck)
 m - an uncursed ring of positive energy
 p - a ring of sustain attributes (left hand)
Scrolls
 e - 4 scrolls of teleportation {unknown}
 h - 2 scrolls of remove curse
 i - a scroll of fog {unknown}
 k - a scroll of recharging {unknown}
 o - a scroll of identify
 q - a scroll of magic mapping {unknown}
Potions
 f - a potion of cancellation {unknown}
 n - 3 potions of agility {unknown}
 r - 3 potions of degeneration {unknown}
 s - a potion of lignification {unknown}
Books
 c - a book of Geomancy

   Spells                             Type                      Level
   a - Sandblast                      Earth                        1
   b - Passwall                       Transmutation/Earth          2
   c - Stone Arrow                    Conjuration/Earth            3
   d - Petrify                        Transmutation/Earth          4
   e - Lee's Rapid Deconstruction     Earth                        5
Comestibles
 d - 3 bread rations


   Skills:
 + Level 0.8 Maces & Flails
 + Level 2.2 Dodging
 + Level 2.4 Stealth
 * Level 3.2 Spellcasting
   Level 0.7 Transmutations
 * Level 4.8 Earth Magic


You had one spell level left.
You knew the following spells:

 Your Spells              Type           Power        Failure   Level  Hunger
a - Sandblast             Erth           ###...       2%          1    None
b - Stone Arrow           Conj/Erth      ##....       21%         3    ###....
c - Lee's Rapid Deconstr  Erth           ###.......   75%         5    ######.


Dungeon Overview and Level Annotations

Branches:
Dungeon (3/15)

Altars:

Annotations:
D:3 Jessica


Innate Abilities, Weirdness & Mutations

You are resistant to torment.
Your stone body is resilient (AC +4).
You are immune to poison.
You resist negative energy.
You are resistant to electric shocks.
You can survive without breathing.
You are immune to petrification.
You are immune to rotting.


Message History

Jessica zaps a wand.
Some rock shatters into small pieces.
The crimson imp grins evilly.
The crimson imp blinks!
Jessica hits you.
* * * LOW HITPOINT WARNING * * *
Jessica closely misses you. Jessica closely misses you.
The crimson imp blinks!
Jessica barely misses you.
Jessica casts a spell.
Jessica blinks!
The crimson imp blinks!
Jessica gestures at you while chanting. Pain shoots through your body!
* * * LOW HITPOINT WARNING * * *
Found a stone staircase leading down.
Jessica points at you and mumbles some strange words.
You barely resist. Jessica gestures at you while chanting.
Pain shoots through your body!
You die...

..#..............§$.......#
...#........#####.........#
...§........#######........
##..................@...o.o
###...........#####.g.o.o.o
# #........†...## #<.......
# #........†....###.r......
#..............##........
##..........@.@###.......
##..........5...........
##..........#..#######.
#..........##....
#..........# ##...
#..........# #>..
############ ... ..


You could see a crimson imp and Jessica.

Vanquished Creatures
  6 adders
  3 worms (D:2)
  3 dart slugs (D:1)
  A giant gecko (D:2)
  4 giant cockroaches
  8 hobgoblins
  6 jackals (D:2)
  A quokka (D:2)
  A ball python (D:1)
  5 bats
  A giant newt (D:2)
  8 goblins
  3 kobolds
  6 rats
56 creatures vanquished.

Notes
Turn   | Place    | Note
--------------------------------------------------------------
     0 | D:1      | Flanowski the Gargoyle Earth Elementalist began the quest for the Orb.
     0 | D:1      | Reached XP level 1. HP: 10/10 MP: 3/3
   249 | D:1      | Reached skill level 4 in Earth Magic
   264 | D:1      | Reached XP level 2. HP: 7/15 MP: 1/5
   806 | D:2      | Reached XP level 3. HP: 7/19 MP: 1/6
  1127 | D:2      | Reached XP level 4. HP: 1/24 MP: 0/7
  2403 | D:3      | Noticed Jessica
  2610 | D:3      | Reached XP level 5. HP: 28/28 MP: 6/9
  2635 | D:3      | Learned a level 3 spell: Stone Arrow
  2641 | D:3      | Learned a level 5 spell: Lee's Rapid Deconstruction
  2755 | D:3      | Killed from afar by Jessica

Skill      XL: |  1  2  3  4 |
---------------+-------------+-----
Earth Magic    | 4 |  4.8
Dodging        | 2 |  2.2
Spellcasting   | 3 |  3.2
Maces & Flails | |  0.8
Stealth        | |  2.4
Transmutations | |  0.7

Action                   |  1- 3 |  4- 6 || total
-------------------------+-------+-------++-------
Melee: Unarmed           |    21 |       ||    21
       Dagger            |    15 |       ||    15
       Club              |    81 |   118 ||   199
 Cast: Sandblast         |    27 |    41 ||    68
       Stone Arrow       |       |     1 ||     1
  Use: Scroll            |     2 |       ||     2
 Stab: Sleeping          |     1 |     1 ||     2
  Eat: Chunk             |     1 |     5 ||     6
Armor: Robe              |    64 |    45 ||   109
Dodge: Dodged            |   106 |   109 ||   215
